General information
- name: BNet
- type: Ladder team game (AT/RT)
- host: Battle.net
- saver: Mata.
map: GolemsInTheMist
- players: 8
- length: 33:07
- speed: Fast
- version: 1.21 W3XP
- replay type:

» download(243 KB)
Players
team 1 (winner)
deep6balls.de (
green | 39 APM | 1298 actions | 33:03)
4 Warden
2 Shadow Strike
2 Blink
» actions
| Assign group hotkey | 4 | |
| Basic commands | 25 | |
| Build / train | 64 | |
| ESC pressed | 2 | |
| Enter build submenu | 23 | |
| Enter hero's abilities submenu | 4 | |
| Right click | 715 | |
| Select / deselect | 136 | |
| Select group hotkey | 214 | |
| Use ability | 111 | |
1298 total
» units
| Wisp | 30 | |
| Chimaera | 3 | |
| Goblin Sapper | 3 | |
| Goblin Zeppelin | 2 | |
| Goblin Shredder | 2 | |
40 total
» upgrades
| Nature's Blessing | 1 | |
| Corrosive Breath | 1 | |
| Well Spring | 1 | |
| Ultravision | 1 | |
| Strength of the Wild | 3 | |
| Reinforced Hides | 2 | |
| Backpack | 1 | |
10 total
» buildings
| Altar of Elders | 1 | |
| Moon Well | 12 | |
| Ancient of Wonders | 1 | |
| Tree of Life | 1 | |
| Tree of Ages | 1 | |
| Tree of Eternity | 2 | |
| Ancient of Wind | 2 | |
| Chimaera Roost | 2 | |
| Hunter's Hall | 1 | |
23 total
» build order
00:40 Altar of Elders
00:51 Moon Well
01:58 Moon Well
02:57 Ancient of Wonders
03:31 Moon Well
04:04 Tree of Life
04:12 Moon Well
04:40 Tree of Ages
06:46 Moon Well
06:46 Moon Well
06:47 Moon Well
07:11 Tree of Eternity
09:32 Ancient of Wind
09:45 Moon Well
09:47 Moon Well
12:17 Chimaera Roost
12:18 Chimaera Roost
15:36 Moon Well
15:36 Moon Well
18:12 Hunter's Hall
22:40 Ancient of Wind
22:47 Moon Well
» items
| Dust of Appearance | 2 | |
| Orb of Venom | 1 | |
| Potion of Healing | 1 | |
| Potion of Mana | 1 | |
5 total
HappyHorses (
red | 74 APM | 2434 actions | 33:03)
3 Archmage
2 Blizzard
1 Brilliance Aura
» actions
| Assign group hotkey | 235 | |
| Basic commands | 53 | |
| Build / train | 128 | |
| Enter build submenu | 53 | |
| Enter hero's abilities submenu | 3 | |
| Remove unit from queue | 5 | |
| Right click | 1360 | |
| Select / deselect | 409 | |
| Select group hotkey | 9 | |
| Use ability | 178 | |
2434 total
» units
| Peasant | 27 | |
| Goblin Zeppelin | 7 | |
| Goblin Shredder | 3 | |
37 total
» upgrades
| Masonry | 3 | |
| Lumber Harvesting | 2 | |
| Magic Sentry | 1 | |
6 total
» buildings
| Altar of Kings | 1 | |
| Farm | 9 | |
| Lumber Mill | 2 | |
| Scout Tower | 43 | |
| Guard Tower | 61 | |
| Town Hall | 2 | |
| Keep | 2 | |
| Castle | 2 | |
| Gryphon Aviary | 1 | |
| Arcane Sanctum | 2 | |
125 total
» build order
00:04 Altar of Kings
00:19 Farm
00:22 Lumber Mill
01:09 Farm
01:35 Scout Tower
01:39 Scout Tower
02:05 Guard Tower
02:05 Guard Tower
02:05 Guard Tower
02:15 Scout Tower
02:16 Scout Tower
02:19 Scout Tower
02:20 Scout Tower
02:30 Guard Tower
02:32 Scout Tower
02:42 Guard Tower
02:48 Scout Tower
03:25 Guard Tower
03:25 Guard Tower
03:34 Scout Tower
03:35 Scout Tower
03:54 Scout Tower
03:54 Scout Tower
03:55 Scout Tower
04:10 Lumber Mill
04:15 Guard Tower
04:53 Farm
04:54 Farm
04:58 Guard Tower
04:58 Guard Tower
04:58 Guard Tower
05:01 Scout Tower
05:02 Scout Tower
05:04 Guard Tower
05:14 Guard Tower
05:14 Guard Tower
05:28 Town Hall
05:30 Guard Tower
05:30 Guard Tower
06:04 Guard Tower
06:05 Guard Tower
06:05 Guard Tower
06:39 Scout Tower
06:41 Scout Tower
06:43 Keep
06:51 Scout Tower
07:15 Guard Tower
07:15 Guard Tower
07:16 Scout Tower
07:17 Scout Tower
07:25 Scout Tower
07:27 Scout Tower
07:27 Scout Tower
07:28 Scout Tower
07:29 Scout Tower
07:31 Scout Tower
08:05 Guard Tower
08:05 Guard Tower
08:06 Guard Tower
08:07 Guard Tower
08:10 Guard Tower
08:10 Guard Tower
08:43 Guard Tower
08:55 Guard Tower
08:55 Guard Tower
08:56 Guard Tower
09:05 Guard Tower
09:06 Guard Tower
09:21 Guard Tower
09:21 Guard Tower
09:38 Guard Tower
09:38 Guard Tower
10:00 Town Hall
12:31 Castle
13:20 Guard Tower
13:20 Guard Tower
13:20 Guard Tower
14:43 Gryphon Aviary
19:32 Scout Tower
19:33 Scout Tower
19:33 Scout Tower
19:34 Scout Tower
20:17 Guard Tower
20:57 Guard Tower
20:57 Guard Tower
24:46 Arcane Sanctum
25:41 Arcane Sanctum
27:51 Farm
30:05 Scout Tower
30:07 Scout Tower
30:40 Scout Tower
30:42 Scout Tower
31:18 Scout Tower
31:23 Scout Tower
31:25 Scout Tower
31:30 Scout Tower
31:30 Scout Tower
31:31 Scout Tower
31:34 Scout Tower
32:13 Scout Tower
32:14 Scout Tower
32:18 Farm
32:19 Farm
32:20 Farm
32:30 Farm
» items
iggy_the_fisk (
purple | 84 APM | 2763 actions | 33:03)
4 Archmage
2 Blizzard
2 Brilliance Aura
4 Blood Mage
2 Flame Strike
2 Siphon Mana
4 Mountain King
2 Storm Bolt
2 Bash
» actions
| Assign group hotkey | 29 | |
| Basic commands | 10 | |
| Build / train | 102 | |
| Enter build submenu | 72 | |
| Enter hero's abilities submenu | 12 | |
| Give item / drop item | 9 | |
| Right click | 1497 | |
| Select / deselect | 347 | |
| Select group hotkey | 482 | |
| Use ability | 203 | |
2763 total
» units
| Peasant | 14 | |
| Dragonhawk Rider | 4 | |
18 total
» upgrades
| Masonry | 3 | |
| Lumber Harvesting | 2 | |
| Magic Sentry | 1 | |
| Swords | 2 | |
| Armor | 2 | |
| Animal War Training | 1 | |
| Cloud | 1 | |
12 total
» buildings
| Altar of Kings | 1 | |
| Farm | 6 | |
| Lumber Mill | 1 | |
| Scout Tower | 62 | |
| Guard Tower | 28 | |
| Arcane Vault | 1 | |
| Keep | 1 | |
| Arcane Sanctum | 1 | |
| Castle | 1 | |
| Barracks | 1 | |
| Blacksmith | 2 | |
| Gryphon Aviary | 1 | |
| Town Hall | 1 | |
| Arcane Tower | 7 | |
114 total
» build order
00:19 Altar of Kings
00:33 Farm
00:49 Lumber Mill
01:07 Farm
01:37 Scout Tower
01:55 Scout Tower
01:58 Scout Tower
02:17 Guard Tower
02:21 Guard Tower
02:24 Scout Tower
02:29 Scout Tower
02:34 Scout Tower
02:44 Guard Tower
02:46 Scout Tower
02:50 Guard Tower
02:55 Scout Tower
03:07 Guard Tower
03:10 Scout Tower
03:24 Guard Tower
03:30 Guard Tower
04:05 Guard Tower
04:07 Scout Tower
04:10 Scout Tower
04:21 Arcane Vault
04:26 Scout Tower
04:29 Keep
04:42 Guard Tower
05:11 Guard Tower
05:13 Scout Tower
05:29 Scout Tower
05:30 Scout Tower
05:43 Scout Tower
05:44 Scout Tower
05:46 Guard Tower
05:47 Scout Tower
06:03 Scout Tower
06:05 Scout Tower
06:06 Scout Tower
06:07 Scout Tower
06:09 Scout Tower
06:16 Guard Tower
06:18 Scout Tower
06:35 Guard Tower
06:38 Scout Tower
06:38 Scout Tower
06:42 Scout Tower
06:43 Scout Tower
06:47 Guard Tower
06:52 Farm
06:53 Farm
07:08 Arcane Sanctum
07:29 Guard Tower
07:59 Guard Tower
08:06 Guard Tower
08:28 Guard Tower
08:52 Guard Tower
09:19 Scout Tower
09:20 Scout Tower
09:25 Scout Tower
09:25 Scout Tower
09:30 Scout Tower
09:32 Scout Tower
09:37 Scout Tower
09:38 Scout Tower
09:56 Castle
11:44 Guard Tower
11:49 Farm
11:50 Farm
12:17 Scout Tower
12:20 Scout Tower
12:21 Scout Tower
12:31 Guard Tower
13:06 Guard Tower
13:18 Guard Tower
13:27 Scout Tower
13:43 Barracks
13:44 Blacksmith
13:45 Gryphon Aviary
13:50 Scout Tower
13:53 Scout Tower
13:59 Scout Tower
14:01 Scout Tower
14:06 Guard Tower
14:24 Scout Tower
14:25 Scout Tower
14:27 Scout Tower
14:28 Scout Tower
15:00 Guard Tower
15:10 Blacksmith
17:33 Guard Tower
19:36 Scout Tower
19:38 Scout Tower
21:31 Guard Tower
24:41 Town Hall
24:51 Scout Tower
24:52 Scout Tower
24:54 Scout Tower
24:55 Scout Tower
25:43 Arcane Tower
25:46 Arcane Tower
25:49 Arcane Tower
25:52 Scout Tower
25:53 Scout Tower
25:55 Scout Tower
25:56 Scout Tower
25:57 Scout Tower
25:59 Scout Tower
25:59 Scout Tower
26:00 Scout Tower
26:35 Arcane Tower
26:47 Arcane Tower
27:13 Arcane Tower
27:30 Guard Tower
27:53 Arcane Tower
» items
| Healing Salve | 2 | |
| Staff of Sanctuary | 3 | |
| Potion of Healing | 1 | |
| Scroll of Regeneration | 5 | |
| Scroll of Town Portal | 4 | |
| Orb of Lightning | 3 | |
| Lesser Clarity Potion | 1 | |
19 total
Mata. (
teal | 77 APM | 2557 actions | 33:07)
9 Blademaster
3 Wind Walk
3 Critical Strike
1 Bladestorm
2 Mirror Image
» actions
| Assign group hotkey | 71 | |
| Basic commands | 2 | |
| Build / train | 67 | |
| ESC pressed | 16 | |
| Enter build submenu | 68 | |
| Enter hero's abilities submenu | 9 | |
| Give item / drop item | 1 | |
| Right click | 1551 | |
| Select / deselect | 294 | |
| Select group hotkey | 246 | |
| Use ability | 228 | |
2557 total
» units
| Peon | 22 | |
| Troll Batrider | 12 | |
| Goblin Zeppelin | 1 | |
35 total
» upgrades
| Spiked Barricades | 3 | |
| Reinforced Defenses | 1 | |
| Armor | 1 | |
5 total
» buildings
| Altar of Storms | 1 | |
| Orc Burrow | 4 | |
| War Mill | 1 | |
| Watch Tower | 52 | |
| Stronghold | 3 | |
| Voodoo Lounge | 1 | |
| Beastiary | 2 | |
| Fortress | 2 | |
| Great Hall | 1 | |
67 total
» build order
00:02 Altar of Storms
00:11 Orc Burrow
00:35 War Mill
01:54 Watch Tower
02:07 Watch Tower
02:11 Watch Tower
02:21 Orc Burrow
02:32 Watch Tower
02:47 Watch Tower
02:52 Watch Tower
03:03 Watch Tower
03:11 Watch Tower
03:16 Watch Tower
03:30 Watch Tower
03:49 Watch Tower
04:11 Watch Tower
04:13 Watch Tower
04:15 Watch Tower
04:30 Watch Tower
04:31 Watch Tower
04:32 Watch Tower
04:41 Watch Tower
04:58 Watch Tower
05:21 Stronghold
05:22 Stronghold
05:22 Stronghold
05:34 Watch Tower
05:51 Watch Tower
06:03 Watch Tower
06:35 Watch Tower
06:38 Watch Tower
06:55 Orc Burrow
07:19 Watch Tower
07:20 Watch Tower
07:22 Watch Tower
07:23 Watch Tower
07:23 Watch Tower
07:29 Voodoo Lounge
07:37 Watch Tower
07:54 Watch Tower
08:49 Watch Tower
08:53 Watch Tower
09:11 Watch Tower
09:15 Watch Tower
09:15 Watch Tower
09:17 Watch Tower
09:44 Beastiary
10:13 Beastiary
10:17 Watch Tower
10:22 Watch Tower
10:39 Watch Tower
10:40 Watch Tower
10:44 Watch Tower
10:57 Fortress
10:57 Fortress
12:02 Watch Tower
12:05 Watch Tower
12:10 Watch Tower
12:26 Orc Burrow
13:14 Watch Tower
13:51 Watch Tower
13:59 Watch Tower
13:59 Watch Tower
17:46 Great Hall
20:55 Watch Tower
20:56 Watch Tower
20:57 Watch Tower
» items
| Lesser Clarity Potion | 4 | |
| Orb of Lightning | 1 | |
| Healing Salve | 2 | |
7 total
team 2 (loser)

»
15.Nick (
yellow | 47 APM | 1540 actions | 32:55)
3 Warden
2 Fan of Knives
1 Blink
1 Keeper of the Grove
1 Force of Nature
» actions
| Assign group hotkey | 23 | |
| Build / train | 63 | |
| Enter build submenu | 20 | |
| Enter hero's abilities submenu | 4 | |
| Remove unit from queue | 9 | |
| Right click | 696 | |
| Select / deselect | 242 | |
| Select group hotkey | 438 | |
| Use ability | 45 | |
1540 total
» units
| Wisp | 11 | |
| Archer | -4 | |
| Huntress | 5 | |
| Glaive Thrower | 11 | |
| Druid of the Claw | 3 | |
| Chimaera | 18 | |
44 total
» upgrades
| Druid of the Talon Training | 1 | |
| Corrosive Breath | 1 | |
2 total
» buildings
| Altar of Elders | 1 | |
| Moon Well | 9 | |
| Hunter's Hall | 1 | |
| Ancient of War | 1 | |
| Tree of Ages | 1 | |
| Ancient of Wonders | 1 | |
| Ancient of Wind | 1 | |
| Ancient of Lore | 1 | |
| Tree of Eternity | 1 | |
| Chimaera Roost | 2 | |
19 total
» build order
00:32 Altar of Elders
00:47 Moon Well
02:06 Hunter's Hall
02:19 Moon Well
03:34 Ancient of War
04:06 Moon Well
04:59 Moon Well
05:15 Tree of Ages
05:26 Ancient of Wonders
06:51 Moon Well
06:57 Moon Well
08:34 Ancient of Wind
08:42 Moon Well
08:45 Moon Well
12:28 Ancient of Lore
15:31 Tree of Eternity
16:21 Moon Well
18:37 Chimaera Roost
18:46 Chimaera Roost

»
m0ntiWC3NapsTar (
orange | 18 APM | 604 actions | 32:41)
2 Blood Mage
1 Flame Strike
1 Siphon Mana
» actions
| Assign group hotkey | 24 | |
| Basic commands | 1 | |
| Build / train | 72 | |
| Enter build submenu | 17 | |
| Enter hero's abilities submenu | 2 | |
| Right click | 242 | |
| Select / deselect | 183 | |
| Select group hotkey | 31 | |
| Use ability | 32 | |
604 total
» units
| Peasant | 7 | |
| Footman | 24 | |
| Rifleman | 5 | |
| Siege Engine | 17 | |
53 total
» upgrades
» buildings
| Barracks | 1 | |
| Altar of Kings | 1 | |
| Farm | 10 | |
| Scout Tower | 13 | |
| Lumber Mill | 1 | |
| Arcane Tower | 2 | |
| Keep | 1 | |
| Guard Tower | 7 | |
| Blacksmith | 1 | |
| Workshop | 1 | |
| Cannon Tower | 4 | |
| Castle | 1 | |
43 total
» build order
00:08 Barracks
00:30 Altar of Kings
00:43 Farm
01:23 Farm
01:41 Farm
02:02 Farm
03:36 Farm
04:55 Farm
05:37 Farm
07:09 Scout Tower
07:10 Scout Tower
07:13 Scout Tower
07:14 Scout Tower
07:53 Lumber Mill
08:11 Arcane Tower
08:25 Keep
09:01 Scout Tower
09:02 Scout Tower
09:05 Scout Tower
09:08 Guard Tower
09:25 Blacksmith
09:47 Guard Tower
09:56 Guard Tower
10:14 Arcane Tower
10:48 Guard Tower
10:50 Guard Tower
11:26 Workshop
12:45 Scout Tower
12:47 Scout Tower
12:49 Scout Tower
12:50 Scout Tower
12:55 Scout Tower
12:56 Scout Tower
13:45 Cannon Tower
14:00 Guard Tower
14:43 Cannon Tower
17:55 Cannon Tower
17:57 Guard Tower
17:59 Cannon Tower
18:40 Castle
27:53 Farm
27:54 Farm
27:57 Farm

»
Marc_sHeeP (
pink | 96 APM | 3019 actions | 31:28)
2 Blademaster
1 Wind Walk
1 Critical Strike
2 Far Seer
1 Chain Lighting
1 Far Sight
» actions
| Assign group hotkey | 68 | |
| Basic commands | 21 | |
| Build / train | 45 | |
| Enter build submenu | 17 | |
| Enter hero's abilities submenu | 4 | |
| Remove unit from queue | 1 | |
| Right click | 1762 | |
| Select / deselect | 324 | |
| Select group hotkey | 720 | |
| Use ability | 57 | |
3019 total
» units
» upgrades
» buildings
| Altar of Storms | 1 | |
| Barracks | 1 | |
| Orc Burrow | 6 | |
| Stronghold | 1 | |
| Voodoo Lounge | 1 | |
| Beastiary | 2 | |
| Fortress | 1 | |
| War Mill | 1 | |
| Tauren Totem | 2 | |
16 total
» build order
00:07 Altar of Storms
00:19 Barracks
00:24 Orc Burrow
01:54 Stronghold
02:04 Orc Burrow
03:28 Voodoo Lounge
04:03 Orc Burrow
04:16 Beastiary
04:19 Beastiary
06:08 Orc Burrow
07:53 Orc Burrow
09:14 Fortress
09:24 War Mill
09:31 Orc Burrow
12:34 Tauren Totem
12:37 Tauren Totem
» items
| Healing Salve | 1 | |
| Scroll of Speed | 1 | |
| Lesser Clarity Potion | 1 | |
3 total

»
Silence88 (
blue | 47 APM | 1568 actions | 33:02)
2 Blademaster
1 Wind Walk
1 Critical Strike
» actions
| Assign group hotkey | 25 | |
| Basic commands | 11 | |
| Build / train | 65 | |
| Enter build submenu | 20 | |
| Enter hero's abilities submenu | 2 | |
| Remove unit from queue | 17 | |
| Right click | 903 | |
| Select / deselect | 356 | |
| Select group hotkey | 129 | |
| Use ability | 40 | |
1568 total
» units
| Peon | 8 | |
| Grunt | 9 | |
| Demolisher | 6 | |
| Wind Rider | 7 | |
| Raider | 10 | |
40 total
» upgrades
| Envenomed Spears | 1 | |
| Ensnare | 1 | |
2 total
» buildings
| Barracks | 1 | |
| Orc Burrow | 7 | |
| Altar of Storms | 1 | |
| War Mill | 1 | |
| Voodoo Lounge | 1 | |
| Stronghold | 1 | |
| Watch Tower | 5 | |
| Beastiary | 1 | |
| Fortress | 1 | |
19 total
» build order
00:11 Barracks
00:21 Orc Burrow
00:30 Altar of Storms
01:46 Orc Burrow
03:26 War Mill
03:36 Voodoo Lounge
03:58 Orc Burrow
04:54 Stronghold
07:17 Watch Tower
07:34 Watch Tower
08:08 Watch Tower
08:39 Watch Tower
09:15 Orc Burrow
09:38 Watch Tower
13:19 Beastiary
21:18 Fortress
23:14 Orc Burrow
27:38 Orc Burrow
27:38 Orc Burrow
» items
Chat log
(00:14 / Allies) Mata.: hope u know how to feed
(00:15 / Allies) iggy_the_fisk: lmao have fun up there....
(00:17 / Allies) Mata.: shotgun top i guess
(00:34 / Allies) HappyHorses: a flooded mausoleum would be creepiest place to go diving
(00:41 / Allies) HappyHorses: in my O
(00:44 / Allies) deep6balls.de: this perfect
(00:46 / Allies) HappyHorses: igg take it
(00:46 / Allies) deep6balls.de: little circle
(00:51 / Allies) HappyHorses: yea i know
(00:54 / Allies) HappyHorses: is sweet
(00:56 / Allies) Mata.: i'm so worried tim ain't gonna feed me
(00:56 / Allies) deep6balls.de: god
(01:01 / Allies) deep6balls.de: it just makes me feel so good
(01:08 / Allies) deep6balls.de: who got mid
(01:11 / Allies) HappyHorses: igg
(01:12 / Allies) Mata.: purp
(01:12 / Allies) deep6balls.de: whoever get 2x mid i feed most
(01:13 / Allies) deep6balls.de: ok
(01:14 / Allies) HappyHorses: iGG
(01:19 / Allies) Mata.: fair enough then
(01:33 / Allies) deep6balls.de: snooby
(02:01 / Allies) HappyHorses: igg hates: towers, heroes
(02:02 / Allies) Mata.: oh fuck off
(02:04 / Allies) deep6balls.de: fat noob
(02:14 / Allies) deep6balls.de: build top down retard.
(02:39 / Allies) HappyHorses: lol ;)
(02:42 / Allies) deep6balls.de: retard noob fag
(02:48 / Allies) deep6balls.de: wait nm that not mata
(02:52 / Allies) deep6balls.de: dont quit blin im just joshing
(02:55 / Allies) HappyHorses: haha
(03:14 / Allies) deep6balls.de: share and repair
(03:19 / Allies) deep6balls.de: rhyming is so fuckin natural
(03:22 / Allies) deep6balls.de: in wig
(03:24 / Allies) deep6balls.de: god damn
(03:36 / Allies) deep6balls.de: get yarcane sentree
(03:50 / Allies) HappyHorses: fok first warden onbott
(04:27 / Allies) deep6balls.de: tower bases
(04:31 / Allies) deep6balls.de: they prob ftech to bat
(04:33 / Allies) deep6balls.de: that is fast tech
(04:38 / Allies) HappyHorses: tower faces
(04:55 / Allies) iggy_the_fisk: does ne have any wisps this time hmmm nope surprise
(05:04 / Allies) deep6balls.de: madd grunt
(05:08 / Allies) Mata.: angry
(05:10 / Allies) Mata.: angery grunt
(05:22 / Allies) deep6balls.de: buying a dujst
(05:52 / Allies) deep6balls.de: thank
(05:53 / Allies) HappyHorses: haha!
(05:53 / Allies) deep6balls.de: god
(06:00 / Allies) deep6balls.de: was close
(06:03 / Allies) deep6balls.de: my heart was racieng
(06:32 / Allies) deep6balls.de: is like they dont know what dust i
(06:32 / Allies) deep6balls.de: s
(06:48 / Allies) Mata.: man i haven't listened to iron maiden in ages
(06:54 / Allies) HappyHorses: keep it dat way
(07:03 / Allies) Mata.: uncalled for imo
(07:12 / Allies) HappyHorses: with the exception of their excellent use in a certain yomping vid they suck
(07:13 / Allies) Mata.: mad raiders
(07:47 / Allies) Mata.: somebody c wit me
(08:19 / Allies) HappyHorses: gonna get fagged
(08:32 / Allies) HappyHorses: prety sweet
(08:40 / Allies) Mata.: haha
(09:01 / Allies) Mata.: NOOOOOOOOOO
(09:04 / Allies) deep6balls.de: man
(09:11 / Allies) deep6balls.de: i found my ball
(09:13 / Allies) deep6balls.de: was lost
(09:15 / Allies) deep6balls.de: mad happy
(09:29 / Allies) Mata.: that was for me :(
(09:36 / Allies) deep6balls.de: owned
(09:37 / Allies) deep6balls.de: and
(09:38 / Allies) deep6balls.de: z0ned
(09:48 / Allies) HappyHorses: if this was multiplayer civ 2
(09:51 / Allies) HappyHorses: that would be a sweet burn
(09:53 / Allies) Mata.: lum apls
(09:54 / Allies) HappyHorses: i m ean
(09:55 / Allies) HappyHorses: simcity 2
(10:02 / Allies) Mata.: pls some lum
(10:04 / Allies) deep6balls.de: towers
(10:18 / Allies) deep6balls.de: some aoe
(10:19 / Allies) HappyHorses: like you just zoned over his heavy commercial with light industrial
(10:22 / Allies) HappyHorses: "owned and zoned"
(10:43 / Allies) HappyHorses: i like that
(10:47 / Allies) HappyHorses: phantom nets
(11:10 / Allies) Mata.: dang there's some arrangement of the metal gear music playing and it's so fitting right now
(11:20 / Allies) HappyHorses: which song
(11:27 / Allies) Mata.: couldn't name it
(11:33 / Allies) HappyHorses: from mgs2?
(11:37 / All) m0ntiWC3NapsTar: mnice takke :D
(11:48 / Allies) HappyHorses: norwegians? idk
(11:54 / Allies) HappyHorses: actually danish?
(11:54 / All) Marc_sHeeP: Ihr seid kleine hurensöhne
(11:58 / Allies) HappyHorses: nm then
(11:59 / All) m0ntiWC3NapsTar: lol
(13:07 / Allies) HappyHorses: pro deny
(13:11 / Allies) deep6balls.de: np
(13:24 / Allies) Mata.: gold
(13:25 / Allies) Mata.: a lil
(13:28 / Allies) HappyHorses: this is sweet too
(13:30 / Allies) deep6balls.de: somethig about a 5 hp hero, i just gotta kill
(13:32 / Allies) deep6balls.de: ty
(13:32 / Allies) HappyHorses: like something you'd see in campaign
(13:36 / Allies) deep6balls.de: its like tranquil chim garden
(13:47 / Allies) HappyHorses: like if there was a single player level with the objectives "kill the chimaera roosts"
(13:51 / Allies) HappyHorses: this would be the way it looks
(14:01 / Allies) deep6balls.de: dont tower my thing
(14:12 / Allies) deep6balls.de: i prefer it looking pure you know.
(14:16 / Allies) HappyHorses: gotta creep this now
(14:17 / Allies) deep6balls.de: mad serene
(14:22 / All) m0ntiWC3NapsTar: wie teleportiert man sich?
(14:27 / Allies) deep6balls.de: haha
(14:33 / Allies) deep6balls.de: holy shit look at his name
(14:34 / Allies) deep6balls.de: its nuts
(15:24 / Allies) deep6balls.de: hmmm they attacking with siege??? yep better ugprade
(15:27 / Allies) Mata.: ahehe
(15:45 / Allies) HappyHorses: bitch is u smokin reefer?
(15:52 / Allies) deep6balls.de: thought he was going to deny
(15:53 / Allies) Mata.: go on, call me a retard
(16:02 / Allies) deep6balls.de: we dont wnna mess with no reefer addicts....
(16:08 / Allies) HappyHorses: holy shit
(16:15 / Allies) HappyHorses: Roses by kanye west is really fucking good
(16:16 / Allies) HappyHorses: what the hell is this
(16:16 / All) deep6balls.de: zeig
(16:30 / All) 15.Nick: was zeig?
(16:32 / Allies) HappyHorses: why the fuck is it even on my playlist and why is a kanye west song good
(16:33 / Allies) deep6balls.de: this is some early tft shit
(16:38 / Allies) deep6balls.de: like when we use dto tower
(16:41 / Allies) deep6balls.de: this is why i like euroep
(16:46 / Allies) HappyHorses: hehe yeah i guess
(16:48 / Allies) HappyHorses: this is like the lotr games
(16:51 / Allies) deep6balls.de: yes
(16:53 / Allies) iggy_the_fisk: orange bm
(16:55 / Allies) iggy_the_fisk: let's go
(16:55 / Allies) Mata.: I wanna be adored
(16:56 / Allies) iggy_the_fisk: blue
(17:06 / Allies) HappyHorses: no overarching war for map control or nothing just blizzarding siege
(17:11 / Allies) deep6balls.de: mata and me reliving our youth as Tower Enthusiasts.
(17:20 / Allies) Mata.: i gotta expo
(17:22 / Allies) Mata.: only will be a sec
(17:26 / Allies) iggy_the_fisk: what the hell
(17:28 / Allies) iggy_the_fisk: tim nub
(17:33 / All) m0ntiWC3NapsTar: was ein spiel ollleeee
(17:34 / Allies) HappyHorses: i got king gold
(17:34 / Allies) deep6balls.de: man i wish that barrens tileset map was still aroud
(17:43 / Allies) deep6balls.de: blasted lands maybe
(17:50 / Allies) HappyHorses: the 4v4 scene that exists these days would prob make it shitty
(17:54 / Allies) deep6balls.de: yeah
(18:05 / Allies) Mata.: get wellspring pls
(18:14 / Allies) deep6balls.de: suck a duck
(18:23 / Allies) HappyHorses: yo that's not me
(18:28 / Allies) deep6balls.de: sorry
(18:33 / Allies) deep6balls.de: blinn im working on it please dont quit
(18:34 / Allies) HappyHorses: blinn will leave if you say that probably
(18:39 / Allies) Mata.: haha wow
(18:45 / Allies) Mata.: where did this come from
(18:52 / Allies) HappyHorses: so angry you're shaking
(19:04 / Allies) Mata.: did i ragequit last game or something
(19:07 / Allies) HappyHorses: gonna quit warcraft for two months again
(19:08 / Allies) deep6balls.de: blinn i regret to inform you it will perhaps be another minute and a half until wellspring is done, please do not quit!
(19:25 / All) HappyHorses: pro flamestrike. good job,
(19:34 / Allies) deep6balls.de: no
(19:34 / Allies) deep6balls.de: wya
(19:36 / All) 15.Nick: ihr seid auch nich besser
(19:42 / Allies) HappyHorses: guy is massing foot and shit
(19:46 / Allies) deep6balls.de: guy talking shit ti me in pseudo-german
(19:54 / Allies) HappyHorses: wanna fuckin highperch deep into the forest or something
(19:58 / Allies) HappyHorses: just hide in here
(20:10 / Allies) HappyHorses: we will be like elves
(20:12 / Allies) HappyHorses: we'll never grow old
(20:14 / Allies) HappyHorses: never grow old
(20:15 / Allies) deep6balls.de: ok
(20:27 / Allies) deep6balls.de: ill root and scoot when mine is done
(20:34 / Allies) HappyHorses: i'm going to open a path
(20:37 / Allies) deep6balls.de: yes
(20:38 / Allies) Mata.: ahaha
(20:39 / Allies) deep6balls.de: make it sexy
(20:43 / Allies) Mata.: that was not smart
(20:44 / Allies) HappyHorses: gotta make sure oj not choppin it
(20:48 / All) Silence88: zozal lame -.-
(21:01 / Allies) deep6balls.de: what
(21:01 / Allies) deep6balls.de: the
(21:02 / Allies) HappyHorses: really?
(21:09 / Allies) HappyHorses: i like that
(21:10 / Allies) HappyHorses: it's like
(21:11 / Allies) HappyHorses: 1
(21:12 / Allies) HappyHorses: 2
(21:12 / Allies) HappyHorses: 3
(21:13 / Allies) HappyHorses: ok go
(21:17 / Allies) HappyHorses: and again haha
(21:24 / Allies) deep6balls.de: and they dont quit
(21:27 / Allies) HappyHorses: i love this server
(21:32 / Allies) deep6balls.de: yeah right
(21:38 / Allies) deep6balls.de: you always used to be like fuck northrend
(21:38 / Allies) Mata.: tim will you opencrak our forest expo
(21:45 / Allies) deep6balls.de: nay
(21:46 / Allies) iggy_the_fisk: i'm taking it
(21:47 / Allies) iggy_the_fisk: so
(21:49 / Allies) Mata.: ok np
(21:55 / Allies) deep6balls.de: let baron von iggy
(21:55 / All) 15.Nick: kranke kinder
(22:00 / Allies) deep6balls.de: openkranke
(22:03 / Allies) deep6balls.de: is german
(22:05 / Allies) deep6balls.de: for opencrak
(22:06 / Allies) HappyHorses: buy a zep
(22:09 / Allies) HappyHorses: and ship some wisps to the perch
(22:09 / Allies) Mata.: will do
(22:17 / Allies) Mata.: hahaha
(22:22 / Allies) Mata.: ahahaha
(22:28 / Allies) deep6balls.de: was in upk anyway
(22:43 / Allies) Mata.: where is the perch may i ask
(22:59 / Allies) deep6balls.de: tree merrily on its weigh
(23:12 / Allies) deep6balls.de: man
(23:19 / Allies) deep6balls.de: 4v4 on this server
(23:26 / Allies) deep6balls.de: is straight up 4v4 on azerotha circa 3 years ago
(23:27 / Allies) HappyHorses: it's just wholesome fun
(23:30 / Allies) iggy_the_fisk: creepin my shit
(23:59 / Allies) HappyHorses: what is the gameplan for this
(24:00 / Allies) deep6balls.de: and its not like azeroth where if you play vs noob you gotta be delicate or they leave
(24:01 / Allies) HappyHorses: do we open it?
(24:03 / Allies) deep6balls.de: or its just not a fun game
(24:04 / All) m0ntiWC3NapsTar: huren!
(24:21 / Allies) iggy_the_fisk: gold me
(24:30 / Allies) Mata.: beer me some gold
(24:41 / Allies) deep6balls.de: blin n how you been
(24:42 / Allies) HappyHorses: do we have reveal tower
(24:48 / Allies) deep6balls.de: its been like 5 years since i saw you last
(24:54 / Allies) HappyHorses: he got so angry last game
(24:55 / Allies) Mata.: does feel like a long time yes
(24:57 / Allies) HappyHorses: he retired
(24:59 / Allies) deep6balls.de: going to suicide some chims
(25:04 / Allies) HappyHorses: expos are still massive
(25:11 / Allies) Mata.: nope that didn't happen i may have gotten angery but warcraft is so important 2 me
(25:22 / Allies) HappyHorses: holy crapoly
(25:36 / Allies) HappyHorses: need reveal tower
(25:44 / All) m0ntiWC3NapsTar: hjahaha deppen!
(25:47 / Allies) HappyHorses: make sure he not chopping this forest
(25:47 / All) 15.Nick: voher über firestrike lachen omg
(25:56 / Allies) HappyHorses: yeah make him stop that
(26:01 / Allies) HappyHorses: noob
(26:02 / Allies) HappyHorses: stop
(26:04 / Allies) Mata.: what what
(26:11 / Allies) HappyHorses: have him stop chopping on this side
(26:19 / Allies) HappyHorses: this is the perch forest
(26:28 / Allies) Mata.: i see
(26:39 / Allies) iggy_the_fisk: reveal city
(26:49 / Allies) HappyHorses: i'm also making an observatory
(26:52 / Allies) deep6balls.de: ]teh observatory
(27:05 / Allies) HappyHorses: this will be Observatoria, the island of observatories
(27:09 / Allies) deep6balls.de: the island observatory would be mad sweet
(27:25 / Allies) HappyHorses: shipping some crew
(27:30 / Allies) deep6balls.de: i wish in sc2 theres just huge fuckoff big maps
(27:35 / Allies) deep6balls.de: like 4x size of this
(27:44 / Allies) HappyHorses: if they keep the scale of sc1
(27:47 / Allies) deep6balls.de: takes 20 minutes to check one side
(27:49 / Allies) HappyHorses: 256x256 was pretty freakin huge
(28:19 / Allies) HappyHorses: makin a secret base
(28:31 / Allies) Mata.: can't even begin to imagine
(28:34 / Allies) iggy_the_fisk: it's a spoof on napster
(28:34 / Allies) HappyHorses: maybe something like napster
(28:37 / Allies) deep6balls.de: napstar like napster maybe
(29:03 / Allies) HappyHorses: he uprooted
(29:07 / Allies) HappyHorses: i will see
(29:08 / Allies) HappyHorses: i am observing it now
(29:12 / Allies) Mata.: tanks run away
(29:15 / Allies) Mata.: tails between their legs
(29:20 / Allies) HappyHorses: yeah christ
(29:23 / Allies) deep6balls.de: HOLY CHIMBO
(29:27 / Allies) HappyHorses: sweet
(29:30 / Allies) HappyHorses: wegonna lose bases
(30:37 / Allies) deep6balls.de: what we do here
(30:43 / Allies) HappyHorses: i dunno
(30:51 / Allies) HappyHorses: wanna turn this into like a base
(30:53 / Allies) HappyHorses: that we defend
(31:41 / All) HappyHorses: damn ggg... we cant win
(31:41 / Allies) deep6balls.de: hope that is a bad manne rleave
(31:42 / All) HappyHorses: no gold
(31:56 / All) 15.Nick: k geh raus
(31:58 / All) 15.Nick: missi
(32:00 / Allies) Mata.: los laggos
(32:08 / Allies) deep6balls.de: fiore the missle
(32:45 / Allies) HappyHorses: damn
(32:45 / Allies) Mata.: flamestrikers paradise
(32:52 / Allies) deep6balls.de: lmfao!
(32:59 / Allies) HappyHorses: leave it to blinn and igg to make em leave
(33:02 / All) iggy_the_fisk: Jeez quit moving arounnd -falco